 Dungeon Crawl Stone Soup version 0.15-a0-1632-gd490d05 (webtiles) character file.

1442 Morrogh the Ducker (level 8, -4/63 HPs)
             Began as a Demigod Transmuter on June 21, 2014.
             Slain by an ice beast (12 damage)
             ... on Level 6 of the Dungeon.
             The game lasted 01:37:02 (8119 turns).

Morrogh the Ducker (Demigod Transmuter)             Turns: 8119, Time: 01:37:05

HP  -4/63        AC  6     Str 12      XL: 8   Next: 22%
MP  18/18        EV 21     Int 19      God:
Gold 185         SH  0     Dex 19      Spells:  3 memorised,  6 levels left

rFire  . . .     SeeInvis .     j - +1 hand axe (venom)
rCold  . . .     Clarity  .     q - +0 robe
rNeg   . . .     rCorr    .     (no shield)
rPois  .         rRot     .     (no helmet)
rElec  .         Spirit   .     v - +2 cloak
SustAb .         Warding  .     m - +0 pair of gloves (curse)
rMut   .         Stasis   +     (no boots)
Gourm  .                        h - amulet of stasis
MR     .....                    s - ring of wizardry
                                r - +4 ring of evasion

@: not resistant to hostile enchantments, unstealthy
A: blurry vision 1, slow healing 1, spit poison 1, weak 1, evolution 1
a: Spit Poison


You were on level 6 of the Dungeon.
You were not hungry.

You visited 1 branch of the dungeon, and saw 6 of its levels.

You collected 245 gold pieces.
You spent 60 gold pieces at shops.

Inventory:

Hand weapons
 a - a +0 falchion
 b - a +0 sling
 j - a +1 hand axe of venom (weapon)
 p - a +0 sling
 C - the +7 cutlass of Dithmenos' Generosity {venom, +Fly rF+ Str+3 SInv, unknown}
   (You found it on level 6 of the Dungeon)

   It poisons the flesh of those it strikes.
   It affects your strength (+3).
   It protects you from fire.
   It enhances your eyesight.
   It lets you fly.
Missiles
 f - 22 bolts
 g - 42 sling bullets
 i - 202 stones (quivered)
 t - 13 exploding sling bullets
 z - 17 sling bullets of flame
 A - 52 arrows
Armour
 c - a +0 cloak
 m - a cursed +0 pair of gloves (worn)
 q - a +0 robe (worn)
 v - a +2 cloak (worn)
 E - a +1 leather armour
Magical devices
 k - a wand of digging (16) {unknown}
Scrolls
 e - 3 scrolls of remove curse
 o - a scroll of teleportation
 w - a scroll of immolation
 y - a scroll of magic mapping
Jewellery
 h - an amulet of stasis (around neck)
 l - an uncursed ring of regeneration
 r - a +4 ring of evasion (left hand)
 s - a ring of wizardry (right hand)
Potions
 u - a potion of agility
 x - a potion of berserk rage {unknown}
 B - 3 potions of curing
Books
 d - a book of Changes

   Spells                             Type                      Level
   *Beastly Appendage                 Transmutation                1
   *Sticks to Snakes                  Transmutation                2
   *Spider Form                       Transmutation/Poison         3
   Ice Form                           Ice/Transmutation            4
   Blade Hands                        Transmutation                5
 n - a book of Power

   Spells                             Type                      Level
   Fulminant Prism                    Conjuration/Hexes            4
   Iskenderun's Mystic Blast          Conjuration                  4
   Venom Bolt                         Conjuration/Poison           5
   Bolt of Magma                      Conjuration/Fire/Earth       5
   Iron Shot                          Conjuration/Earth            6
   Orb of Destruction                 Conjuration                  7


   Skills:
 + Level 3.0 Fighting
 + Level 0.8(1.0) Short Blades
 + Level 1.1(1.2) Long Blades
 + Level 0.8(1.0) Slings
 + Level 1.0(1.1) Throwing
 + Level 2.2 Armour
 + Level 6.1 Dodging
 + Level 1.8 Stealth
   Level 1.6 Shields
 + Level 3.9 Unarmed Combat
 + Level 2.5 Spellcasting
 + Level 3.0 Transmutations
 + Level 1.8 Poison Magic


You had 6 spell levels left.
You knew the following spells:

 Your Spells              Type           Power        Failure   Level  Hunger
a - Beastly Appendage     Trmt           ##....       2%          1    #......
b - Sticks to Snakes      Trmt           ##........   4%          2    ##.....
c - Spider Form           Trmt/Pois      ##........   7%          3    ###....


Dungeon Overview and Level Annotations

Branches:
Dungeon (6/15)
 Temple: D:4-7

Shops:
D:6 !


Innate Abilities, Weirdness & Mutations

Your vision is a little blurry.
You heal slowly when monsters are visible.
You can spit poison.
You are weak. (Str -2)
You evolve.


Message History

The ice beast closely misses you. The crimson imp misses you.
The ice beast misses you.
You barely miss the crimson imp.
The crimson imp is lightly wounded.
You hit the ice beast.
The ice beast is heavily wounded.
The crimson imp misses you. The ice beast closely misses you.
You barely miss the ice beast.
The ice beast is heavily wounded.
You miss the crimson imp.
The crimson imp is lightly wounded.
The crimson imp closely misses you. The ice beast completely misses you.
The crimson imp blinks!
You hit the ice beast.
The ice beast is severely wounded.
The ice beast barely misses you.
The crimson imp blinks!
The ice beast hits you.
* * * LOW HITPOINT WARNING * * *
The ice beast freezes you!
You die...

..#......#.._##
#.#......'...8# .
#.#......#.._##
#.####........###.#
##..............####
...................#
.............#.....#
#.§...........#.....# #
#.......@.....#.....#####
#...5..Y§.....#..........
.............#..........
.............#..........
.............#####(.....
............# #......
........... #......
#####.... #...... .
#......


You could see an ice beast and a crimson imp.

Vanquished Creatures
  5 yaks (D:4)
  An ogre (D:5)
  A phantom (D:4)
  Blork the orc (D:5)
  A giant frog (D:6)
  A jelly (D:6)
  A hound (D:4)
  2 worker ants
  A black bear skeleton (D:5)
  A mummy (D:6)
  7 adders
  A shadow imp (D:6)
  An inept feature mimic (D:5)
  2 worms
  5 giant geckos
  An ooze (D:4)
  12 orcs
  4 giant cockroaches
  11 goblins
  21 hobgoblins
  11 jackals
  15 kobolds
  2 quokkas (D:3)
  3 ball pythons
  11 bats
  A giant gecko skeleton (D:4)
  5 giant newts
  10 rats
  A rat skeleton (D:4)
139 creatures vanquished.

Notes
Turn   | Place    | Note
--------------------------------------------------------------
     0 | D:1      | Morrogh, the Demigod Transmuter, began the quest for the Orb.
     0 | D:1      | Reached XP level 1. HP: 15/15 MP: 3/3
   453 | D:1      | Reached skill level 1 in Fighting
   581 | D:1      | Reached XP level 2. HP: 14/23 MP: 4/4
   603 | D:1      | Learned a level 2 spell: Sticks to Snakes
  1517 | D:2      | Reached XP level 3. HP: 25/28 MP: 7/7
  1787 | D:2      | Found a glowing silver altar of Zin.
  2015 | D:2      | Reached skill level 1 in Shields
  2679 | D:3      | Reached XP level 4. HP: 33/35 MP: 9/9
  2751 | D:3      | Reached skill level 3 in Dodging
  3323 | D:3      | Gained mutation: Your vision is a little blurry. [potion of mutation]
  3323 | D:3      | Gained mutation: You heal slowly when monsters are visible. [potion of mutation]
  3323 | D:3      | Gained mutation: You can spit poison. [potion of mutation]
  3991 | D:3      | Gained mutation: You are weak. (Str -2) [potion of mutation]
  3991 | D:3      | Gained mutation: You evolve. [potion of mutation]
  4628 | D:3      | Learned a level 3 spell: Spider Form
  5190 | D:4      | Noticed an ogre
  5201 | D:3      | Reached XP level 5. HP: 14/41 MP: 9/12
  5911 | D:4      | Noticed a yak
  5912 | D:4      | Noticed a yak
  5912 | D:4      | Noticed a yak
  5912 | D:4      | Noticed a yak
  5912 | D:4      | Noticed a yak
  5939 | D:4      | Killed a yak
  5939 | D:4      | Reached skill level 1 in Armour
  5939 | D:4      | Reached XP level 6. HP: 18/48 MP: 12/14
  5949 | D:4      | Killed a yak
  5949 | D:4      | Reached skill level 4 in Dodging
  5965 | D:4      | Killed a yak
  5965 | D:4      | Reached skill level 1 in Poison Magic
  5965 | D:4      | Reached XP level 7. HP: 6/55 MP: 14/17
  6410 | D:4      | Killed a yak
  6410 | D:4      | Reached skill level 1 in Throwing
  6410 | D:4      | Reached skill level 5 in Dodging
  6420 | D:4      | Killed a yak
  6816 | D:4      | Noticed a phantom
  6853 | D:4      | Killed a phantom
  6853 | D:4      | Reached skill level 1 in Long Blades
  6853 | D:4      | Reached skill level 1 in Stealth
  7136 | D:5      | Entered Level 5 of the Dungeon
  7487 | D:5      | Noticed Blork the orc
  7498 | D:5      | Killed Blork the orc
  7498 | D:5      | Reached XP level 8. HP: 48/62 MP: 15/18
  7805 | D:6      | Reached skill level 6 in Dodging
  8054 | D:6      | Found Jefow's Distillery.
  8071 | D:6      | Bought a potion of curing for 20 gold pieces
  8071 | D:6      | Bought a potion of curing for 20 gold pieces
  8071 | D:6      | Bought a potion of curing for 20 gold pieces
  8078 | D:6      | Found a deep blue altar of Sif Muna.
  8078 | D:6      | Found an iron altar of Okawaru.
  8099 | D:6      | Got a sapphire cutlass
  8119 | D:6      | Slain by an ice beast

Action                   |  1- 3 |  4- 6 |  7- 9 || total
-------------------------+-------+-------+-------++-------
Melee: Dagger            |   336 |   385 |       ||   721
       Unarmed           |     7 |    27 |    96 ||   130
       Falchion          |       |     8 |    66 ||    74
       Hand axe          |       |       |    51 ||    51
 Fire: Sling             |       |     2 |     1 ||     3
Throw: Stone             |    15 |    14 |     4 ||    33
 Cast: Beastly Appendage |     8 |       |       ||     8
       Spider Form       |       |     6 |    10 ||    16
 Abil: Spit Poison       |       |     7 |     1 ||     8
  Use: Potion            |     3 |     4 |     2 ||     9
       Scroll            |     2 |     7 |     2 ||    11
 Stab: Invisible         |       |       |     2 ||     2
       Sleeping          |       |       |     1 ||     1
